Fleur, neutral female sylph Wizard ###################*################### ------ # --------------------------------# ----- |....| ### |.....%........................|## ....| |....| ------ # |...--------.......-----------.|# |...| |..<.| |...... ##########....|+++|..|------.|..|(((| G+.|# .....# -.---- |.. # |@..|m@m|.(|.....|.|..|@((| |.|# |...|# # | |...|...||-|.._..|.-|-|...|---.|## +...|# ### |...--|--..|[.@..|....-|---....|# -----# # |..........|.@...|.........G...|# # ### |........{.--|----.{...@.@.....|# # # |............[.[.....@@........|# # ### |...-|---...........-+---|--...|# # # |...|@..--------.---|G |*@)|....`Y#YY######## |...|(((|kk|%%@-.-..| |%)!|...|N #----.----.-- |...|(((|ff|%%.|.| .| |(*%|...|# #|..........| |...-----+------.----e -----...| #-..*.......| |..............................| |.........>| -------------------------------- ------------ Fleur the Thaumaturge Experience level: 7 Strength: 14 Dexterity: 9 Constitution: 15 Intelligence: 19 Wisdom: 17 Charisma: 10 Health: 0(54) Energy: 70(73) Def: 1 Gold: 237 Moves: 6865 Dungeon seed: 0ncqickvFlNZqRxW Game ID: Fleur_1463409428 Your Inventory: Coins $ - 237 gold pieces Amulets u - an uncursed amulet of reflection Weapons y - the rustproof +0 Magicbane (weapon in hand) C - a +0 elven dagger (alternate weapon; not wielded) Armor e - an uncursed +0 cloak of magic resistance (being worn) Comestibles j - 3 uncursed figues q - 3 uncursed fortune cookies H - an uncursed sprig of wolfsbane K - 20 uncursed food rations O - 4 uncursed tripe rations Scrolls s - an uncursed scroll of magic mapping w - an uncursed scroll of teleportation x - an uncursed scroll of enchant weapon B - 4 uncursed scrolls of identify J - an uncursed scroll of fire S - a cursed scroll of gold detection U - an uncursed scroll of confuse monster Rings Y - an uncursed -2 ring of increase damage Wands W - a wand of create monster (0:7) Tools o - an uncursed skeleton key r - a magic marker (0:54) v - an uncursed oilskin sack z - an uncursed bag of holding Contents of the bag of holding: 1417 gold pieces a +0 pick-axe an uncursed ruby an uncursed worthless piece of green glass an uncursed worthless piece of orange glass 2 uncursed worthless pieces of violet glass 2 uncursed worthless pieces of yellow glass an uncursed worthless piece of yellowish brown glass Spells and supernatural/magical abilities: Name Level Category Fail Memory a - force bolt 1 attack 0% 66% m - magic missile 2 attack 0% 82% n - detect monsters 1 divination 0% 69% s - slow monster 2 enchantment 0% 66% x - extra healing 3 healing 0% 79% W - pray for help -- divine ? -- Your skills at the end: Miscellaneous Skills wands [Basic] Weapon Skills dagger [Basic] quarterstaff [Basic] Spellcasting Skills attack spells [Basic] healing spells [Basic] enchantment spells [Basic] Final Attributes: You were aligned. You were magic-protected. You were blinded. You saw invisible. You were telepathic. You had infravision. You were stealthy. You were protected from shape changers. You were very unlucky. Thoth was angry with you. You are dead. Vanquished creatures: 2 giant mimics a wolf a leprechaun a lizard an ice vortex a gold golem 2 housecats a jaguar a dwarf lord a gnome mummy a Woodland-elf a baby crocodile a rock mole a rock piercer 5 shriekers a violet fungus 2 gnome lords 2 gnomish wizards 2 kobold mummies a red naga hatchling 2 black naga hatchlings a guardian naga hatchling a floating eye a kitten 7 dwarves 2 homunculi a kobold lord 2 iguanas 4 rothes a rabid rat 2 giant bats a monkey 5 coyotes 4 hobbits an acid blob 2 large kobolds 8 geckos a hobgoblin 6 giant rats 4 cave spiders 3 brown molds 7 yellow molds 2 green molds 2 red molds 16 gnomes 4 garter snakes 3 manes 3 gnome zombies 12 jackals 2 kobolds 13 newts a goblin 5 sewer rats 6 grid bugs a bat 2 lichens a kobold zombie 168 creatures vanquished. Voluntary challenges: You had followed a strict vegetarian diet until turn 2298. You used a wielded weapon 233 times, starting on turn 54. You did not apply a unicorn horn. You read items or engraved 20 times, starting on turn 106. You never genocided any monsters. You never polymorphed an object. You never changed form. You completed Sokoban on turn 5540, according to the rules. You used no wishes. You never split a pudding. You wrote Elbereth's name 7 times, starting on turn 106. You violated your moral code, losing 12 points of alignment, starting on turn 1554. Dungeon overview: The Dungeons of Doom: levels 1 to 8 Level 1 a long staircase Level 2 a general store, some fountains Level 3 an armor shop stairs to The Gnomish Mines Level 4 Level 5 some fountains Level 6 many fountains Level 7 an armor shop stairs to Sokoban Level 8 The Gnomish Mines: levels 4 to 7 Level 4 stairs to The Dungeons of Doom Level 5 Level 6 <- You were here many shops, a temple to Anhur, a magic chest, some fountains Level 7 Sokoban: levels 3 to 6 Level 3 a magic chest Level 4 a sink Level 5 Level 6 a magic chest stairs to The Dungeons of Doom History has recorded: On T:1 you entered the Dungeons of Doom to retrieve the Amulet of Yendor! On T:199 you reached level 2 of The Dungeons of Doom. On T:372 you reached level 3 of The Dungeons of Doom. On T:437 you advanced to experience level 2. On T:927 you advanced to experience level 3. On T:957 you reached level 1 of The Gnomish Mines. On T:1009 you advanced to experience level 4. On T:1110 you reached level 2 of The Gnomish Mines. On T:1132 you advanced to experience level 5. On T:1257 you reached level 3 of The Gnomish Mines. On T:1286 you reached level 4 of The Gnomish Mines. On T:1466 you entered the Minetown temple On T:1536 you opened a magic chest. On T:1536 you opened a magic chest. On T:1682 you opened a magic chest. On T:1682 you opened a magic chest. On T:1682 you opened a magic chest. On T:2090 you reached level 4 of The Dungeons of Doom. On T:2130 you reached level 5 of The Dungeons of Doom. On T:2135 you advanced to experience level 6. On T:2457 you reached level 6 of The Dungeons of Doom. On T:2591 you reached level 7 of The Dungeons of Doom. On T:2644 you reached level 8 of The Dungeons of Doom. On T:2982 you reached level 4 of Sokoban. On T:3087 you opened a magic chest. On T:3087 you opened a magic chest. On T:3089 you opened a magic chest. On T:3094 you opened a magic chest. On T:3272 you reached level 3 of Sokoban. On T:3879 you reached level 2 of Sokoban. On T:4511 you reached level 1 of Sokoban. On T:4650 you advanced to experience level 7. On T:5540 you advanced to experience level 8. On T:5540 you entered the Sokoban zoo. On T:5637 you opened a magic chest. On T:6691 you opened a magic chest. On T:6691 you opened a magic chest. On T:6744 you opened a magic chest. On T:6744 you opened a magic chest. On T:6746 you opened a magic chest. On T:6746 you opened a magic chest. On T:6791 you received Magicbane from Thoth. Score breakdown: Gold: 1654 ( 165 points) Experience: 7 levels ( 600 points) Exploration: 8 levels ( 210 points) Discoveries: 18 items ( 900 points) Variety of kills: 57 monsters ( 2000 points) Major goal: finished Sokoban ( 1000 points) Survival: died (score multiplied by 3) Total score: 14625 Latest messages: You feel foolish! Goodbye level 8. The priestess of Thoth wields a mace! The priestess of Thoth kicks! The priestess of Thoth casts a spell at you! Scales cover your eyes! You put 2 uncursed potions of gain energy into the magic chest. You put an uncursed ruby potion into the magic chest. You put a blessed clear potion into the magic chest. You put a blessed potion of gain energy into the magic chest. You put an uncursed opal ring into the magic chest. You put an uncursed brass ring into the magic chest. You put a cursed copper ring into the magic chest. You put a cursed clay ring into the magic chest. You put an uncursed wand of striking into the magic chest. You put an uncursed wand of probing into the magic chest. You put an uncursed wand of sleep into the magic chest. You put an uncursed wand of probing into the magic chest. You put an uncursed wand of magic missile into the magic chest. You put an uncursed wand called van into the magic chest. You put an uncursed wand of light into the magic chest. You try to feel what is lying here on the floor. You feel here a jaguar corpse. The priestess of Thoth hits you! The priestess of Thoth kicks! You die... Final status: Goodbye Fleur the Wizard, killed by a priestess of Thoth... You died in The Gnomish Mines on dungeon level 6 with 14625 points, and 1654 pieces of gold, after 6865 moves. You were level 7 with a maximum of 54 hit points when you died.